 Dungeon Crawl Stone Soup version 0.22.0-38-g04b72b8 (webtiles) character file.

35 Monsterracer the Skirmisher (level 3, 0/31 HPs)
             Began as a Hill Orc Air Elementalist on Aug 29, 2018.
             Slain by Natasha (6 damage)
             ... on level 2 of the Dungeon.
             The game lasted 00:04:34 (1809 turns).

Monsterracer the Skirmisher (HOAE)                  Turns: 1809, Time: 00:04:35

Health: 0/31       AC:  3    Str: 11    XL:     3   Next: 35%
Magic:  0/5        EV: 12    Int: 15    God:
Gold:   59         SH:  0    Dex: 11    Spells: 4/5 levels left

rFire    . . .     SeeInvis .   (no weapon)
rCold    . . .     Gourm    .   (no shield)
rNeg     . . .     Faith    .   a - +0 robe
rPois    .         Spirit   .   (no helmet)
rElec    .         Reflect  .   h - +0 cloak
rCorr    .         Harm     .   (no gloves)
MR       .....                  (no boots)
Stlth    ++........             (no amulet)
HPRegen  0.10/turn              (no ring)
MPRegen  0.09/turn              (no ring)

@: very slightly contaminated
A: no striking features
a: no special abilities


You were on level 2 of the Dungeon.
You were not hungry.

You visited 1 branch of the dungeon, and saw 2 of its levels.

You collected 59 gold pieces.

Inventory:

Armour
 a - a +0 robe (worn)
 f - a +0 shield
 h - a +0 cloak (worn)
Scrolls
 b - a scroll of identify {unknown}
 g - 3 scrolls of immolation {unknown}
Potions
 d - a potion of flight {unknown}
 e - a potion of invisibility {unknown}
 i - a potion of lignification {unknown}
Comestibles
 c - 4 rations


   Skills:
 * Level 3.0 Fighting
 - Level 1.5 Dodging
 - Level 1.5 Stealth
 - Level 1.5 Spellcasting
 * Level 1.7 Conjurations
 - Level 2.4 Air Magic


You had 4 spell levels left.
You knew the following spells:

 Your Spells              Type           Power        Failure   Level  Hunger
a - Shock                 Conj/Air       #...         10%         1    ##.....

Your spell library contained the following spells:

 Spells                   Type           Power        Failure   Level  Hunger
 Swiftness                Chrm/Air       #.......     22%         2    ###....
 Static Discharge         Conj/Air       #.......     30%         3    ####...
 Airstrike                Air            #.........   65%         4    #####..
 Lightning Bolt           Conj/Air       #.........   95%         5    ######.


Dungeon Overview and Level Annotations

Branches:
Dungeon (2/15)

Altars:

Annotations:
D:2 Natasha


Message History

Found a stone staircase leading down.
i - a fuming white potion
Found a stone staircase leading up.
There is a stone staircase leading up here.
You now have 53 gold pieces (gained 11).
A frilled lizard comes into view.
The frilled lizard hisses angrily.
A frilled lizard is nearby!
A frilled lizard is nearby!
Casting: Shock (safe; 10% risk of failure)
Confirm with . or Enter, or press ? or * to list all spells.
Aiming: Shock (safe; 10% risk of failure)
Press: ? - help, Shift-Dir - straight line, f - frilled lizard
Aim: a frilled lizard The zap hits the frilled lizard.
You kill the frilled lizard!
You now have 4/5 mp.
You now have 59 gold pieces (gained 6).
You open the door.
There is an open door here.
Natasha, Servant of Life and Death comes into view.
Found a scroll labeled EHURUST YDDI.
MP restored: 5 Natasha is nearby!
Natasha is nearby!
Casting: Shock (safe; 10% risk of failure)
Confirm with . or Enter, or press ? or * to list all spells.
Aiming: Shock (safe; 10% risk of failure)
Press: ? - help, Shift-Dir - straight line, f - Natasha
Aim: Natasha (resting)
The zap hits Natasha.
Natasha is lightly wounded.
You now have 4/5 mp.
Natasha stares at you and mumbles some strange words.
You resist with significant effort.
There is an open door here.
You start resting.
Natasha is too close now for your liking.
Casting: Shock (safe; 10% risk of failure)
Confirm with . or Enter, or press ? or * to list all spells.
Aiming: Shock (safe; 10% risk of failure)
Press: ? - help, Shift-Dir - straight line, f/p - Natasha
Aim: Natasha (lightly wounded)
The zap hits Natasha.
Natasha is moderately wounded.
Casting: Shock (safe; 10% risk of failure)
Confirm with . or Enter, or press ? or * to list all spells.
Aiming: Shock (safe; 10% risk of failure)
Press: ? - help, Shift-Dir - straight line, p - Natasha The zap hits Natasha.
Natasha is heavily wounded.
The zap hits Natasha.
Natasha is severely wounded.
Natasha stares at you and mumbles some strange words.
The magic dart hits you!
You take 7 damage, and have 24/31 hp.
MASSIVE DAMAGE!!
You now have 3/5 mp.
Casting: Shock (safe; 10% risk of failure)
Confirm with . or Enter, or press ? or * to list all spells.
Aiming: Shock (safe; 10% risk of failure)
Press: ? - help, Shift-Dir - straight line The zap misses Natasha. x2; Natasha claws you.
You take 2 damage, and have 22/31 hp.
You now have 2/5 mp.
Casting: Shock (safe; 10% risk of failure)
Confirm with . or Enter, or press ? or * to list all spells.
Aiming: Shock (safe; 10% risk of failure)
Press: ? - help, Shift-Dir - straight line You miscast Shock.
You are very lightly contaminated with residual magic.
Nothing appears to happen.
Natasha barely misses you.
You now have 1/5 mp.
Casting: Shock (safe; 10% risk of failure)
Confirm with . or Enter, or press ? or * to list all spells.
Aiming: Shock (safe; 10% risk of failure)
Press: ? - help, Shift-Dir - straight line The zap misses Natasha.
The zap hits Natasha.
Natasha is severely wounded.
Natasha claws you.
You take 4 damage, and have 18/31 hp.
You now have 0/5 mp.
You hit Natasha but do no damage.
Natasha is severely wounded.
Natasha claws you.
* * * LOW HITPOINT WARNING * * *
You take 4 damage, and have 14/31 hp.
Unknown command.
You closely miss Natasha.
Natasha is severely wounded.
Natasha claws you.
* * * LOW HITPOINT WARNING * * *
You take 1 damage, and have 13/31 hp.
Unknown command.
You hit Natasha.
Natasha is severely wounded.
Natasha claws you!
* * * LOW HITPOINT WARNING * * *
You take 7 damage, and have 6/31 hp.
MASSIVE DAMAGE!!
Unknown command.
You hit Natasha but do no damage.
Natasha is severely wounded.
Natasha claws you.
You die...

#......##.##.##.#..##..##.##..
######..........#..##.........
..........................###
....###.###.#................
.... #.# #.#.....### ###.###
... ###.###..................
### #...†####.###.###.###.###
#....'.h....# ...........
#....###@...# ##.....###
#....# #....##.##.....# #
#....# #....# ..#....(# #
#....# #....# #.#.....# #
#....# ########.#....####
#...h# #............. #....#
#.........#### #....#
#............# #..%.#
#......#####.#


You could see Natasha.

Vanquished Creatures
  An ooze (D:1)
  2 dart slugs (D:1)
  A ball python (D:2)
  3 giant cockroaches (D:1)
  A hobgoblin (D:1)
  4 jackals (D:1)
  3 bats (D:1)
  3 frilled lizards
  2 goblins (D:1)
  4 kobolds
  3 rats (D:1)
27 creatures vanquished.

Notes
Turn   | Place    | Note
-------+----------+-------------------------------------------
     0 | D:1      | Monsterracer the Hill Orc Air Elementalist began the quest for the Orb.
     0 | D:1      | Reached XP level 1. HP: 14/14 MP: 3/3
    73 | D:1      | Reached skill level 1 in Fighting
   291 | D:1      | Reached skill level 2 in Fighting
   291 | D:1      | Reached XP level 2. HP: 23/24 MP: 1/4
   723 | D:1      | Reached XP level 3. HP: 30/30 MP: 2/5
  1614 | D:2      | Reached skill level 3 in Fighting
  1790 | D:2      | Noticed Natasha
  1806 | D:2      | HP: 14/31 [Natasha (4)]
  1808 | D:2      | HP: 6/31 [Natasha (7)]
  1809 | D:2      | Slain by Natasha

Skill      XL: |  1  2  3 |
---------------+----------+-----
Fighting       | 2 3 |  3.0
Dodging        | |  1.5
Stealth        | |  1.5
Spellcasting   | |  1.5
Conjurations   | |  1.7
Air Magic      | |  2.4

Action                   || total
-------------------------++-------
Melee: Unarmed           ||     9
 Cast: Shock             ||    54
  Eat: Chunk             ||     4
Armor: Robe              ||     7
Dodge: Dodged            ||    30

Vault maps used:
D:1:      evilmike_arrival_hilbert_curve
D:2:      cheibrodos_old_hovel, xom_teletrap_fun, uniq_natasha,
          uniq_crazy_yiuf_cottage
